 Dungeon Crawl Stone Soup version 0.31-a0-277-g31ea1f65cc (webtiles) character file.

Game seed: 11567497489770313281

14199 gruber the Grappler (level 11, -4/117 HPs)
             Began as a Troll Shapeshifter on July 15, 2023.
             Was a Believer of Uskayaw.
             Slain by a minotaur
             ... wielding a +1 triple sword of flaming
              (10 damage)
             ... in a Gauntlet.
             The game lasted 00:10:13 (7985 turns).

gruber the Grappler (Troll Shapeshifter)            Turns: 7985, Time: 00:10:13

Health: -4/117     AC: 11    Str: 29    XL:     11   Next: 85%
Magic:  10/10      EV: 10    Int:  4    God:    Uskayaw [**....]
Gold:   654        SH:  0    Dex: 10    Spells: 10/10 levels left

rFire   + .          .
                       - Unarmed
rCold   . . .        (no shield)
rNeg    . . .        j - +0 swamp dragon scales
rPois   +            (helmet currently unavailable)
rElec   .            s - melded scarf {rC+ rF+}
rCorr   .            (gloves unavailable)
SInv    .            (boots unavailable)
Will    +....        y - amulet of the acrobat Stlth
                     q - ring of protection from fire
HPRegen 1.19/turn    H - ring of willpower
MPRegen 0.12/turn

%: no teleportation, acrobat
@: beast-form, studying Axes
A: beast (slay +2), large, unfitting armour, claws 3, regeneration 1, shaggy fur
1, tough skin 1
a: Begin Untransformation, Renounce Religion, Stomp, Line Pass


You were in a Gauntlet.
You worshipped Uskayaw.
Uskayaw was noncommittal.
You were a hulking beast.
You visited 1 branch of the dungeon, and saw 11 of its levels.
You also visited: Gauntlet.

You collected 654 gold pieces.

Inventory:

Hand Weapons
 J - the +6 morningstar "Panwoph" {freeze, Contam Str+3 Int+2 Dex+4}
   (You found it in a Gauntlet)

   Str:       It affects your strength (+3).
   Int:       It affects your intelligence (+2).
   Dex:       It affects your dexterity (+4).
   Contam:    It causes magical contamination when unequipped.
Missiles
 v - 8 poisoned darts (quivered)
 C - 4 throwing nets
Armour
 a - a +0 animal skin
 j - +0 swamp dragon scales (worn)
 s - a scarf of resistance (melded)
 L - the +1 robe of the Good {rC+ Slay+3}
   (You found it in a Gauntlet)

   Slay:      It affects your accuracy & damage with ranged weapons and melee
   (+3).
   rC:        It protects you from cold.
Jewellery
 q - a ring of protection from fire (left claw)
 y - an amulet of the acrobat (around neck)
 H - a ring of willpower (right claw)
 I - a ring of see invisible
Talismans
 c - a beast talisman
Wands
 b - a wand of flame (24)
 n - a wand of iceblast (25)
 E - a wand of acid (2)
 G - a wand of polymorph (4)
Scrolls
 d - 4 scrolls of vulnerability {unknown}
 e - 12 scrolls of identify {unknown}
 g - 3 scrolls of fear {unknown}
 i - a scroll of silence {unknown}
 k - 2 scrolls of noise {unknown}
 p - a scroll of poison {unknown}
 t - a scroll of butterflies {unknown}
 w - a scroll of enchant armour {unknown}
 z - a scroll of amnesia {unknown}
 A - a scroll of immolation {unknown}
 B - 2 scrolls of fog {unknown}
 D - a scroll of enchant weapon {unknown}
 F - a scroll of acquirement {unknown}
 K - a scroll of teleportation {unknown}
Potions
 f - 2 potions of heal wounds {unknown}
 h - 4 potions of curing {unknown}
 l - a potion of invisibility {unknown}
 m - 3 potions of might {unknown}
 o - a potion of resistance {unknown}
 r - 3 potions of enlightenment {unknown}
 u - a potion of haste {unknown}
 x - a potion of attraction {unknown}


   Skills:
 * Level 9.9 Fighting
 - Level 7.3 Armour
 - Level 6.0 Dodging
 - Level 11.1 Unarmed Combat
 - Level 3.0 Shapeshifting


You had 10 spell levels left.
You didn't know any spells.
Your spell library contained the following spells:

 Spells                   Type           Power      Damage    Failure   Level
 Shock                    Conj/Air       0%         1d3       61%         1
 Gell's Gravitas          Tloc           0%         N/A       93%         3
 Swiftness                Air            0%         N/A       93%         3
 Teleport Other           Tloc           0%         N/A       93%         3
 Airstrike                Air            0%         2d(0-16)  100%        4
 Olgreb's Toxic Radiance  Pois           0%         N/A       100%        4
 Dispersal                Tloc           0%         N/A       100%        6
 Discord                  Hex            0%         N/A       100%        8
 Ignition                 Fire           0%         3d3       100%        8


Dungeon Overview and Level Annotations

Branches:
Dungeon (11/15)            Temple (0/1) D:7            Lair (0/5) D:11
    Orc (0/2) D:9         Gauntlet (1/1)

Altars:
Ashenzari
Cheibriados
Dithmenos
Fedhas
Kikubaaqudgha
Makhleb
Nemelex Xobeh
Qazlal
Ru
Trog
Uskayaw
Vehumet
Wu Jian
Xom
Yredelemnul
Zin
Lugonu

Shops:
D:4 [   D:5 :   D:8 *

Annotations:
D:7 2 transporters
D:10 2 transporters, FlatIsJustice's ghost, journeyman DEEE Gauntlet 6 transporters


Innate Abilities, Weirdness & Mutations

You are a hulking beast.
Your limbs bulge with bestial killing power. (Slay +2)
You are too large for most types of armour.
You have claws for hands.
Your natural rate of healing is unusually fast.
You are covered in fur. (AC +1)
You have tough skin. (AC +1)


Message History

No target in view!
You scratch the minotaur but do no damage.
The minotaur unwields a +6 orcbow.
The minotaur wields a +1 triple sword of flaming.
It bursts into flame!
The minotaur completely misses you. The minotaur gores you!
You claw the minotaur!
The minotaur is lightly wounded.
You mangle the minotaur!!
The minotaur is heavily wounded.
The minotaur hits you with a +1 triple sword of flaming!!
The minotaur burns you. The minotaur gores you!
You can now pass through a line of other dancers.
You are too injured to fight recklessly!
You are too injured to fight recklessly!
Unknown command.
You barely miss the minotaur.
The minotaur furiously retaliates!
The minotaur headbutts you, but does no damage.
The minotaur is heavily wounded.
The minotaur completely misses you. The minotaur gores you!
You barely miss the minotaur. Your claw misses the minotaur.
The minotaur is heavily wounded.
The minotaur barely misses you. The minotaur gores you!
* * * LOW HITPOINT WARNING * * *
You completely miss the minotaur.
The minotaur furiously retaliates!
The minotaur headbutts you, but does no damage.
The minotaur is heavily wounded.
The minotaur barely misses you.
The minotaur gores you but does no damage.
You scratch the minotaur but do no damage.
The minotaur is heavily wounded.
You claw the minotaur!
You claw the minotaur, but do no damage.
The minotaur is severely wounded.
The minotaur hits you with a +1 triple sword of flaming!!
* * * LOW HITPOINT WARNING * * *
The minotaur burns you.
* * * LOW HITPOINT WARNING * * *
The minotaur gores you!
You die...

####...#..#©..#
#....##.8.#..#.##.
#.##.##...#..##...
#.##....8.#..#.... #
#.##.##...#..#|... #≈
#.#....##...#..#####
#≈≈.#.#.##.##.©.#≈......
#≈∩...H.##......#∩......
#h##.##.©.#≈§.....
#....##...#..#####
#.##.##...#..#[#^.
#.##....8.#..#..#.
#.##.##...#..##.P#
#....##.8.#..#.#..
#######...#..#©.#^
#≈8≈#..#.#..
#####..##.P#


You could see a minotaur.

Vanquished Creatures
  A quicksilver ooze (Gauntlet)
  Harold (D:9)
  3 death yaks (D:11)
  A death scarab (Gauntlet)
  A spectral hydra (Gauntlet)
  Pikel (D:5)
  Joseph (D:10)
  A smoke demon (Gauntlet)
  An unseen horror (D:11)
  A gargoyle (D:10)
  Maggie (D:7)
  A red devil (Gauntlet)
  A troll (D:10)
  Sigmund (D:4)
  2 wyverns
  15 yaks
  4 humans (D:6)
  2 steam dragons
  An acid dragon (D:9)
  A water moccasin (D:6)
  An ice beast (D:7)
  An orc warrior (D:10)
  A black bear (D:4)
  3 ogres
  10 centaurs
  3 lemures (D:5)
  3 phantoms
  7 bullfrogs
  3 scorpions
  5 wights (D:8)
  9 killer bees
  4 howler monkeys
  8 crimson imps
  A jelly (D:6)
  4 hounds
  4 orc priests
  3 iguanas
  A hell rat (D:11)
  3 orc wizards (D:8)
  8 ogre zombies (D:9)
  Robin (D:3)
  2 river rats (D:11)
  9 adders
  A white imp (D:6)
  3 ufetubi
  5 dart slugs
  16 orcs
  5 ball pythons
  5 bats
  5 endoplasms
  4 giant cockroaches
  12 goblins
  11 hobgoblins
  3 jackals (D:3)
  A quokka (D:11)
  3 frilled lizards
  A goblin skeleton (D:9)
  3 goblin zombies (D:9)
  5 hobgoblin zombies (D:9)
  6 kobolds
  3 orc skeletons (D:9)
  13 orc zombies (D:9)
  6 rats
246 creatures vanquished.

Notes
Turn   | Place    | Note
-------+----------+-------------------------------------------
     0 | D:1      | gruber the Troll Shapeshifter began the quest for the Orb.
     0 | D:1      | Reached XP level 1. HP: 19/19 MP: 0/0
   194 | D:1      | Reached XP level 2. HP: 27/27 MP: 1/1
   236 | D:1      | Reached skill level 3 in Unarmed Combat
  1070 | D:2      | Reached XP level 3. HP: 33/33 MP: 2/2
  1519 | D:2      | Reached skill level 4 in Unarmed Combat
  1910 | D:3      | Found an ancient bone altar of Kikubaaqudgha.
  1939 | D:3      | Reached XP level 4. HP: 41/41 MP: 3/3
  2087 | D:3      | Noticed Robin
  2103 | D:3      | Killed Robin
  2307 | D:3      | Found a shadowy altar of Dithmenos.
  2490 | D:4      | Reached skill level 5 in Unarmed Combat
  2522 | D:4      | Noticed Sigmund
  2568 | D:4      | Killed Sigmund
  2569 | D:4      | Reached skill level 6 in Unarmed Combat
  2569 | D:4      | Reached XP level 5. HP: 48/48 MP: 4/4
  2569 | D:4      | Reached XP level 6. HP: 55/55 MP: 5/5
  2618 | D:4      | Reached skill level 7 in Unarmed Combat
  2773 | D:4      | Found Gyumuax's Antique Armour Shop.
  2870 | D:4      | Found a hide-covered altar of Uskayaw.
  2873 | D:4      | Found a broken altar of Ashenzari.
  2876 | D:4      | Reached XP level 7. HP: 55/62 MP: 6/6
  2880 | D:4      | Found a sparkling altar of Nemelex Xobeh.
  2882 | D:4      | Became a worshipper of Uskayaw the Reveller
  2887 | D:4      | Found a burning altar of Makhleb.
  2971 | D:4      | Reached * piety under Uskayaw
  2974 | D:4      | Reached skill level 8 in Unarmed Combat
  3020 | D:5      | Entered Level 5 of the Dungeon
  3038 | D:5      | Found a bloodstained altar of Trog.
  3038 | D:5      | Found a basalt altar of Yredelemnul.
  3054 | D:5      | Reached ** piety under Uskayaw
  3061 | D:5      | Reached *** piety under Uskayaw
  3062 | D:5      | Reached **** piety under Uskayaw
  3101 | D:5      | Reached skill level 9 in Unarmed Combat
  3141 | D:5      | Noticed Pikel
  3151 | D:5      | Reached ***** piety under Uskayaw
  3152 | D:5      | Reached XP level 8. HP: 35/70 MP: 7/7
  3165 | D:5      | Reached ****** piety under Uskayaw
  3228 | D:5      | Killed Pikel
  3229 | D:5      | Reached skill level 10 in Unarmed Combat
  3310 | D:5      | Reached skill level 11 in Unarmed Combat
  3436 | D:5      | Found Umonocho's Tiny Tomes.
  3613 | D:6      | Reached XP level 9. HP: 60/84 MP: 8/8
  3885 | D:6      | Reached skill level 5 in Fighting
  3965 | D:6      | Found a blossoming altar of Fedhas.
  4068 | D:6      | Found a shimmering altar of Xom.
  4408 | D:7      | Noticed a red ugly thing
  4408 | D:7      | Found a transporter.
  4408 | D:7      | Found a transporter.
  4416 | D:7      | Noticed Maggie
  4436 | D:7      | Killed Maggie
  4514 | D:7      | Found a staircase to the Ecumenical Temple.
  4601 | D:7      | Reached skill level 5 in Dodging
  4744 | D:7      | Noticed a red ugly thing
  4745 | D:7      | Found a corrupted altar of Lugonu.
  4785 | D:7      | Found a stormy altar of Qazlal.
  5062 | D:8      | Reached XP level 10. HP: 91/98 MP: 9/9
  5332 | D:8      | Reached skill level 1 in Armour
  5419 | D:8      | Found Fistrehi's Assorted Antiques.
  5526 | D:8      | Found a snail-covered altar of Cheibriados.
  5727 | D:9      | Found a staircase to the Orcish Mines.
  5775 | D:9      | Reached skill level 5 in Armour
  5969 | D:9      | Found a radiant altar of Vehumet.
  5991 | D:9      | Noticed Harold
  5999 | D:9      | Killed Harold
  6357 | D:10     | Entered Level 10 of the Dungeon
  6364 | D:10     | Noticed FlatIsJustice's ghost (journeyman DEEE)
  6365 | D:10     | Noticed a tengu warrior
  6370 | D:10     | Noticed a two-headed ogre
  6378 | D:10     | Found a transporter.
  6384 | D:10     | Found a bloodstained altar of Trog.
  6404 | D:10     | Noticed a moth of wrath
  6405 | D:10     | Found a transporter.
  6439 | D:10     | Noticed Joseph
  6504 | D:10     | Killed Joseph
  6666 | D:10     | Noticed a gargoyle
  6668 | D:10     | Killed a gargoyle
  6669 | D:10     | Reached XP level 11. HP: 105/105 MP: 10/10
  6788 | D:10     | Found an ornate altar of the Wu Jian Council.
  6812 | D:10     | Found a sacrificial altar of Ru.
  7161 | D:10     | Found a glowing silver altar of Zin.
  7161 | D:10     | Noticed an angel
  7273 | D:11     | Identified the +5 spear "Qagu" {holy, rC+}
  7286 | D:11     | Found a gate leading to a gauntlet.
  7329 | D:11     | Noticed a death yak
  7330 | D:11     | Found a staircase to the Lair.
  7330 | D:11     | Noticed a death yak
  7331 | D:11     | Noticed a death yak
  7347 | D:11     | Killed a death yak
  7355 | D:11     | Killed a death yak
  7393 | D:11     | Killed a death yak
  7503 | Gauntlet | Entered a Gauntlet
  7503 | Gauntlet | Noticed a death scarab
  7503 | Gauntlet | Found a transporter.
  7503 | Gauntlet | Found a transporter.
  7504 | Gauntlet | Found a transporter.
  7507 | Gauntlet | Found a transporter.
  7507 | Gauntlet | Found a transporter.
  7521 | Gauntlet | Found a transporter.
  7523 | Gauntlet | Found a transporter.
  7525 | Gauntlet | Noticed a quicksilver ooze
  7535 | Gauntlet | Found a transporter.
  7537 | Gauntlet | Noticed a ghost crab
  7603 | Gauntlet | Noticed a fire crab
  7624 | Gauntlet | Found a transporter.
  7632 | Gauntlet | Found a transporter.
  7636 | Gauntlet | Found a transporter.
  7648 | Gauntlet | Found a transporter.
  7800 | Gauntlet | Killed a death scarab
  7812 | Gauntlet | Identified the +6 morningstar "Panwoph" {freeze, Contam
                  | Str+3 Int+2 Dex+4}
  7870 | Gauntlet | Killed a quicksilver ooze
  7951 | Gauntlet | Identified the +1 robe of the Good {rC+ Slay+3}
  7972 | Gauntlet | Found the +12 pair of quick blades "Gyre" and "Gimble"
                  | {protect}
  7972 | Gauntlet | Noticed a minotaur
  7985 | Gauntlet | Slain by a minotaur

Illustrated notes

Levels and vault maps discovered:
D:1:      dpeg_arrival_circle_labyrinth_c, layout_basic, minivault_19
D:2:      layout_loops_corners, serial_rivers, chequers_serial_rivers_large_b,
          chequers_serial_rivers_small_3, chequers_serial_rivers_marsh,
          chequers_serial_rivers_micro_d, chequers_serial_rivers_small_b,
          chequers_serial_rivers_marsh
D:3:      layout_basic, mainiacjoe_overflow_concentric_impassable,
          mainiacjoe_overflow_paths, uniq_robin
D:4:      layout_cave_pools, nicolae_overflow_macrodata_refinement,
          serial_glass, glass_columns_b, glass_columns_c, glass_columns_a,
          glass_columns_a, glass_columns_c, serial_shops, nicolae_stop_n_shop_2,
          uniq_sigmund
D:5:      layout_rooms, gammafunk_temple_overflow_elements,
          nicolae_shop_i_like_small_books_too, uniq_pikel
D:6:      layout_cave_pools, led_xom_imps, mainiacjoe_overflow_catwalk,
          minmay_ruffians
D:7:      gammafunk_corrupted_shrine, layout_cave_pools, grunt_qazlal_clouds,
          minmay_temple_entry_water_ring, nicolae_zen_rock_garden,
          hangedman_decor_lopped, minivault_1, uniq_maggie
D:8:      layout_loops_cross, mainiacjoe_overflow_surrounded_room, serial_shops,
          nicolae_shop_window_shopping
D:9:      layout_roguey, mainiacjoe_overflow_tiny_flanked, zombieorc2_lemuel,
          uniq_harold
D:10:     layout_irregular_city, zin_angel, lemuel_round_altar,
          old_standard_altar, gammafunk_ghost_wrathful_warriors, uniq_joseph
D:11:     layout_loops_ring, dpeg_lair_monsters, gauntlet_entry_generic
Gauntlet: gammafunk_gauntlet_hard_choice [gammafunk_gauntlet_arena_teeth,
          gammafunk_gauntlet_arena_split_x, nicolae_gauntlet_arena_grate_2,
          gammafunk_gauntlet_arena_corners,
          gammafunk_gauntlet_arena_arrow_garden, nicolae_gauntlet_swirl,
          gauntlet_exit_watery]

Skill      XL: |  1  2  3  4  5  6  7  8  9 10 11 |
---------------+----------------------------------+-----
Unarmed Combat | 3 4 6 7 9 11 | 11.1
Fighting       | 3 6 9 |  9.9
Dodging        | 5 6 |  6.0
Armour         | 7 |  7.3
Shapeshifting  | |  3.0

Action                     |  1- 3 |  4- 6 |  7- 9 | 10-12 || total
---------------------------+-------+-------+-------+-------++-------
  Melee: Unarmed           |    74 |    84 |   164 |   312 ||   634
         Punch             |       |     1 |    15 |    24 ||    40
  Throw: Dart              |       |       |     3 |     4 ||     7
 Invoke: Stomp             |       |       |       |     3 ||     3
         Line Pass         |       |       |       |     1 ||     1
    Use: Potion            |       |     1 |       |       ||     1
   Stab: Sleeping          |     1 |     1 |       |       ||     2
         Paralysed         |       |       |     2 |    13 ||    15
 Armour: Animal skin       |    28 |    16 |    34 |       ||    78
         Skin              |       |    20 |       |     1 ||    21
         Swamp dragon scal |       |       |    12 |    99 ||   111
  Dodge: Dodged            |    29 |    25 |    69 |   192 ||   315
         Form:             |       |       |     1 |       ||     1
         Beast             |       |       |     1 |       ||     1

Table legend: (Time is in decaauts)
 A = Elapsed time spent in this place.
 B = Non-inter-level travel time spent in this place.
 C = Inter-level travel time spent in this place.
 D = Time resting spent in this place.
 E = Time spent auto-exploring this place.
 F = Levels seen in this place.
 G = Mean time per level.
                   A        B        C        D        E       F      G
               +--------+--------+--------+--------+--------+-----+--------+
         Total |   7868 |   7579 |    289 |    200 |   5815 |  12 |  655.7 |
       Dungeon |   7394 |   7105 |    289 |    113 |   5655 |  11 |  672.2 |
      Gauntlet |    474 |    474 |      0 |     87 |    160 |   1 |  474.0 |
               +--------+--------+--------+--------+--------+-----+--------+

Top non-repeatable levels by time:
     D:2: 942 daAuts
     D:1: 884 daAuts
    D:10: 855 daAuts
     D:6: 832 daAuts
     D:8: 674 daAuts
     D:9: 666 daAuts
     D:3: 627 daAuts
     D:4: 604 daAuts
     D:7: 585 daAuts
     D:5: 474 daAuts
Gauntlet: 474 daAuts
    D:11: 248 daAuts
